 Dungeon Crawl Stone Soup version 0.23.2 (webtiles) character file.

Game seed: 16580870108054422445

3959 Kairos the Cruncher (level 10, -1/77 HPs)
             Began as a Merfolk Skald on Apr 2, 2019.
             Slain by a bullfrog skeleton (6 damage)
             ... on level 8 of the Dungeon.
             The game lasted 00:11:18 (8727 turns).

Kairos the Cruncher (Merfolk Skald)                 Turns: 8727, Time: 00:11:19

Health: -1/77      AC: 10    Str: 15    XL:     10   Next: 22%
Magic:  13/13      EV: 13    Int: 12    God:
Gold:   390        SH:  0    Dex: 14    Spells: 10/13 levels left

rFire    . . .     SeeInvis .   t - +5 quarterstaff (chaos)
rCold    . . .     Gourm    .   (shield currently unavailable)
rNeg     . . .     Faith    .   z - +2 ring mail (curse)
rPois    +         Spirit   .   (no helmet)
rElec    .         Reflect  .   E - +0 cloak
rCorr    +         Harm     +   (no gloves)
MR       .....                  D - +0 pair of boots
Stlth    ++........             y - amulet of harm
HPRegen  0.22/turn              k - ring of poison resistance
MPRegen  0.13/turn              n - ring of resist corrosion

@: about to teleport
A: change form in water, swift swim, stealthy swim
a: no special abilities


You were on level 8 of the Dungeon.
You were hungry.

You visited 2 branches of the dungeon, and saw 9 of its levels.
You also visited: Ossuary.

You collected 390 gold pieces.

Inventory:

Hand Weapons
 a - a +0 spear
 t - a +5 quarterstaff of chaos (weapon)
 I - a +0 spear of freezing
Missiles
 e - 5 tomahawks (quivered)
 h - 2 throwing nets
Armour
 z - a cursed +2 ring mail (worn)
 D - a +0 pair of boots (worn)
 E - a +0 cloak (worn)
 G - a +2 shield
Magical Staves
 C - an uncursed staff of fire
Jewellery
 k - a ring of poison resistance (left hand)
 n - a ring of resist corrosion (right hand)
 y - an amulet of harm (around neck)
Wands
 p - a wand of digging (8)
 q - a wand of iceblast (6)
 B - a wand of paralysis (11)
 H - a wand of scattershot (2)
 J - a wand of flame (19)
 K - a wand of polymorph (7)
Scrolls
 b - a scroll of brand weapon {unknown}
 i - a scroll of amnesia
 j - 7 scrolls of remove curse
 l - 5 scrolls of identify
 o - 3 scrolls of teleportation
 w - a scroll of enchant armour
Potions
 c - 7 potions of curing
 f - a potion of resistance
 g - 3 potions of might
 m - a potion of flight
 r - a potion of cancellation {unknown}
 s - a potion of magic {unknown}
 u - a potion of haste
 v - a potion of mutation {unknown}
 x - a potion of berserk rage {unknown}
 A - a potion of degeneration {unknown}
 F - 2 potions of lignification
Comestibles
 d - 12 rations


   Skills:
 + Level 6.6 Fighting
 + Level 4.0(9.9) Polearms
 + Level 8.5(8.6) Staves
 + Level 4.3 Armour
 + Level 5.6 Dodging
 + Level 3.4 Stealth
 + Level 2.4 Spellcasting
 + Level 4.1 Charms
 + Level 1.2 Translocations


You had 10 spell levels left.
You knew the following spells:

 Your Spells              Type           Power        Failure   Level  Hunger
a - Infusion              Chrm           ##..         9%          1    ##.....
b - Shroud of Golubria    Chrm/Tloc      #.........   24%         2    ###....

Your spell library contained the following spells:

 Spells                   Type           Power        Failure   Level  Hunger
 Song of Slaying          Chrm           ##......     13%         2    ###....
 Corona                   Hex            #......      43%         1    ##.....
 Flame Tongue             Conj/Fire      #....        43%         1    ##.....
 Regeneration             Chrm/Necr      #.........   52%         3    ####...
 Spectral Weapon          Hex/Chrm       #.......     52%         3    ####...
 Ensorcelled Hibernation  Hex/Ice        #.....       58%         2    ###....
 Throw Flame              Conj/Fire      #.....       58%         2    ###....
 Confuse                  Hex            #.......     82%         3    ####...
 Conjure Flame            Conj/Fire      #.......     82%         3    ####...
 Dazzling Spray           Conj/Hex       #.....       82%         3    ####...
 Inner Flame              Hex/Fire       #.......     82%         3    ####...
 Tukima's Dance           Hex            #.......     82%         3    ####...
 Sticky Flame             Conj/Fire      #.......     99%         4    #####..
 Fireball                 Conj/Fire      #.........   100%        5    ######.


Dungeon Overview and Level Annotations

Branches:
Dungeon (8/15)             Temple (1/1) D:7
   Lair: D:8-11

Altars:
Ashenzari
Cheibriados
Dithmenos
Elyvilon
Gozag
Hepliaklqana
Makhleb
Ru
Sif Muna
Uskayaw
Vehumet
Wu Jian
Xom
Yredelemnul
Zin
The Shining One


Message History

a +2 dagger of chaos; a +2 robe of magic resistance Something hits you.
* * * LOW HITPOINT WARNING * * *
Something hits you.
* * * LOW HITPOINT WARNING * * *
An orc priest comes into view. It is wielding a +0 falchion.
An orc wizard comes into view.
It is wielding a +0 dagger and wearing a +1 robe of fire resistance.
The orc wizard shouts!
The orc priest shouts!
An orc priest comes into view. It is wielding a +0 hand axe.
You hear a shout!
As you read the scroll of teleportation, it crumbles to dust.
You feel strangely unstable. Something hits you but does no damage.
An orc wizard comes into view. It is wielding a +0 dagger.
The orc priest mumbles some strange prayers to Beogh against you.
Pain shoots through your body!
* * * LOW HITPOINT WARNING * * *
You closely miss something.
The orc wizard shouts!
Something hits you.
You die...

#..#
#.######$
#..# #)#
#..# #.#
...# #.#
.##.# #.#
. #.# #.#
#.# ##.#
#@.# #.##
#.# #.#
...


#oo #.o #..o You could see 2 orc priests and 2 orc wizards.

Vanquished Creatures
  Harold (D:7)
  Psyche (D:8)
  A hippogriff (D:7)
  2 wraiths (Ossuary)
  A spriggan (D:7)
  A water moccasin (D:7)
  A black bear (D:7)
  A sky beast (D:7)
  2 phantoms (D:4)
  3 ogres
  3 centaurs
  4 bullfrogs
  A water moccasin zombie (D:6)
  A wyvern skeleton (D:8)
  A scorpion (D:6)
  3 wights (Ossuary)
  2 howler monkeys (D:4)
  5 crimson imps
  A bullfrog zombie (D:7)
  2 orc priests (D:7)
  A gnoll shaman (D:7)
  A hound (D:7)
  2 orc wizards
  Crazy Yiuf (D:2)
  2 bullfrog skeletons
  2 iguanas
  A worker ant (D:4)
  A hound skeleton (D:7)
  A howler monkey zombie (D:6)
  4 gnolls
  4 adders
  3 shadow imps
  An ooze (D:5)
  3 adder skeletons
  An adder zombie (Ossuary)
  2 worms
  5 dart slugs
  4 leopard geckos
  14 orcs
  2 giant cockroaches
  3 hobgoblins
  16 jackals
  4 kobolds
  A quokka (D:4)
  2 ball python skeletons (Ossuary)
  6 bats
  4 frilled lizards
  5 goblins
  A leopard gecko skeleton (D:4)
  4 orc skeletons (Ossuary)
  An orc zombie (Ossuary)
  2 quokka skeletons (D:4)
  A quokka zombie (D:5)
  7 rats
  A rat zombie (D:5)
150 creatures vanquished.

Notes
Turn   | Place    | Note
-------+----------+-------------------------------------------
     0 | D:1      | Kairos the Merfolk Skald began the quest for the Orb.
     0 | D:1      | Reached XP level 1. HP: 16/16 MP: 3/3
   196 | D:1      | Reached XP level 2. HP: 9/23 MP: 5/5
  1322 | D:2      | Reached skill level 1 in Armour
  1322 | D:2      | Reached XP level 3. HP: 28/28 MP: 6/6
  1388 | D:2      | Found a runed translucent door.
  1389 | D:2      | Noticed Crazy Yiuf
  2568 | D:2      | Learned a level 2 spell: Shroud of Golubria
  2584 | D:2      | Killed Crazy Yiuf
  2584 | D:2      | Reached XP level 4. HP: 17/34 MP: 1/7
  3120 | D:3      | Reached skill level 1 in Stealth
  3504 | D:4      | Reached skill level 1 in Staves
  3504 | D:4      | Reached XP level 5. HP: 36/41 MP: 8/8
  3508 | D:4      | Noticed a phantom
  3582 | D:4      | Noticed a phantom
  3633 | D:4      | Killed a phantom
  3633 | D:4      | Reached skill level 2 in Staves
  3633 | D:4      | Reached skill level 1 in Translocations
  3633 | D:4      | Reached XP level 6. HP: 24/47 MP: 7/9
  3656 | D:4      | Killed a phantom
  3908 | D:4      | Found a snail-covered altar of Cheibriados.
  3981 | D:4      | Reached XP level 7. HP: 53/53 MP: 10/10
  4478 | D:5      | Entered Level 5 of the Dungeon
  4517 | D:5      | Reached skill level 3 in Staves
  4570 | D:5      | Found a white marble altar of Elyvilon.
  4573 | D:5      | Found a glowing silver altar of Zin.
  4574 | D:5      | Found a glowing golden altar of the Shining One.
  4661 | D:5      | Found a sand-covered staircase.
  4668 | Ossuary  | Entered an ossuary
  4808 | Ossuary  | Noticed a flying skull
  4808 | Ossuary  | Noticed a wraith
  4814 | Ossuary  | Noticed a flying skull
  4815 | Ossuary  | Noticed a flying skull
  4819 | Ossuary  | Noticed a flying skull
  4843 | Ossuary  | Noticed a flying skull
  4868 | Ossuary  | Noticed a wraith
  4899 | Ossuary  | Noticed a wraith
  4904 | Ossuary  | Killed a wraith
  4904 | Ossuary  | Reached skill level 4 in Staves
  4904 | Ossuary  | Reached XP level 8. HP: 51/61 MP: 11/11
  4941 | Ossuary  | Killed a wraith
  5346 | D:5      | Found a white marble altar of Elyvilon.
  5441 | D:5      | Reached skill level 5 in Staves
  6224 | D:6      | Found a sacrificial altar of Ru.
  6329 | D:6      | Reached skill level 5 in Fighting
  6785 | D:6      | Reached skill level 6 in Staves
  6863 | D:7      | Reached XP level 9. HP: 44/68 MP: 12/12
  7272 | D:7      | Reached skill level 5 in Dodging
  7573 | D:7      | Found a staircase to the Ecumenical Temple.
  7657 | D:7      | Reached skill level 7 in Staves
  7667 | D:7      | Noticed Harold
  7748 | Temple   | Entered the Ecumenical Temple
  8222 | D:7      | Killed Harold
  8222 | D:7      | Reached skill level 8 in Staves
  8222 | D:7      | Reached XP level 10. HP: 59/77 MP: 13/13
  8640 | D:7      | Found a glowing golden altar of the Shining One.
  8707 | D:8      | Noticed Psyche
  8717 | D:8      | Killed Psyche
  8727 | D:8      | Slain by a bullfrog skeleton

Skill      XL: |  1  2  3  4  5  6  7  8  9 |
---------------+----------------------------+-----
Armour         | 1 2 3 4 |  4.3
Dodging        | 3 4 5 |  5.6
Stealth        | 1 3 |  3.4
Fighting       | 3 4 5 6 |  6.6
Polearms       | 4 |  4.0
Staves         | 1 2 4 6 8 |  8.5
Translocations | 1 |  1.2
Charms         | 4 |  4.1
Spellcasting   | |  2.4

Action                   |  1- 3 |  4- 6 |  7- 9 | 10-12 || total
-------------------------+-------+-------+-------+-------++-------
Melee: Spear             |   134 |       |       |       ||   134
       Quarterstaff      |       |   107 |   256 |    25 ||   388
 Cast: Infusion          |     2 |       |       |       ||     2
       Shroud of Golubri |     1 |     4 |       |       ||     5
  Use: Scroll            |       |     5 |     9 |     1 ||    15
       Potion            |       |       |     3 |       ||     3
 Stab: Sleeping          |     3 |       |       |       ||     3
       Petrifying        |       |       |     2 |       ||     2
       Petrified         |       |       |     2 |       ||     2
  Eat: Chunk             |     2 |     4 |     5 |       ||    11
       Ration            |     1 |       |     3 |       ||     4
Armor: Leather armour    |    29 |     1 |       |       ||    30
       Ring mail         |       |    33 |    83 |    12 ||   128
       Skin              |       |       |    14 |       ||    14
Dodge: Dodged            |    66 |    80 |   159 |     7 ||   312
